[ AOE2 MATCH · #494766930 ]
UnrankedJapanese vs Mongols
Player's team · LOSS
Rival team · WIN
[ REPLAY ANALYSIS · EXTRACTED FROM THE RECORDED GAME ]
Feudal
8:51
Castle
30:56
Imperial
—
| APM avg | 47.2 |
| APM peak | 93 |
| eAPM avg | 25.7 |
| Villagers / military | 152 / 40 |
Focus
⚔️ 31.5% · 🌾 68.5%
Archer ×17 · Knight ×10 · Militia ×7 · Monk ×4 · Battering Ram ×2
Feudal
8:53
Castle
32:17
Imperial
—
| APM avg | 55.1 |
| APM peak | 106 |
| eAPM avg | 24.7 |
| Villagers / military | 81 / 103 |
Focus
⚔️ 40.8% · 🌾 59.2%
Knight ×46 · Archer ×43 · Skirmisher ×10 · Battering Ram ×3 · Spearman ×1
Match map
Initial resources + every placement click. Lines = walls · curves = elevation contours. ◆ gold · ⬟ stone · ● berries · ✦ relic · ◌ wall gap
Your base· Open — unwalled flank
Ông Chú Thư Giãn's base· Open — unwalled flank
Smoothed initial terrain · ◌ = detected wall gap · hover for details
Inputs per minute
— 酒后帝国 - - Ông Chú Thư Giãn
Build order — 酒后帝国
First 150 of 285 actions detected
| 0:00 | Create | Villager (Male) |
| 0:00 | Create | Villager (Male) |
| 0:01 | Create | Villager (Male) |
| 0:02 | Build | House |
| 0:03 | Build | House |
| 0:13 | Create | Villager (Male) |
| 1:31 | Create | Villager (Male) |
| 1:32 | Create | Villager (Male) |
| 1:59 | Create | Villager (Male) |
| 1:59 | Create | Villager (Male) |
| 2:21 | Create | Villager (Male) |
| 2:21 | Create | Villager (Male) |
| 2:33 | Build | Lumber Camp |
| 2:46 | Create | Villager (Male) |
| 2:46 | Create | Villager (Male) |
| 3:02 | Build | House |
| 3:07 | Create | Villager (Male) |
| 3:07 | Create | Villager (Male) |
| 3:38 | Create | Villager (Male) |
| 3:38 | Create | Villager (Male) |
| 4:11 | Create | Villager (Male) |
| 4:11 | Create | Villager (Male) |
| 4:12 | Create | Villager (Male) |
| 4:21 | Create | Villager (Male) |
| 4:21 | Create | Villager (Male) |
| 4:21 | Create | Villager (Male) |
| 5:07 | Build | Barracks |
| 5:16 | Create | Villager (Male) |
| 5:16 | Create | Villager (Male) |
| 5:16 | Create | Villager (Male) |
| 5:39 | Create | Villager (Male) |
| 5:45 | Build | House |
| 6:06 | Research | Loom |
| 6:06 | Research | Loom |
| 6:20 | Build | Mining Camp |
| 6:41 | Research | Feudal Age |
| 6:42 | Research | Feudal Age |
| 6:46 | Create | Militia |
| 7:10 | Create | Militia |
| 7:11 | Create | Militia |
| 7:22 | Create | Militia |
| 7:22 | Create | Militia |
| 7:23 | Create | Militia |
| 7:29 | Build | Mill |
| 7:44 | Create | Militia |
| 8:44 | Build | Palisade Wall |
| 8:51 | Age | Feudal Age |
| 8:52 | Create | Villager (Male) |
| 8:54 | Research | Man-at-Arms (upgrade) |
| 8:57 | Build | Palisade Wall |
| 9:07 | Create | Villager (Male) |
| 9:07 | Create | Villager (Male) |
| 9:07 | Create | Villager (Male) |
| 9:09 | Build | Mining Camp |
| 9:22 | Create | Villager (Male) |
| 9:22 | Create | Villager (Male) |
| 9:48 | Build | House |
| 10:03 | Build | Watch Tower |
| 10:04 | Create | Villager (Male) |
| 10:05 | Create | Villager (Male) |
| 10:05 | Create | Villager (Male) |
| 10:14 | Build | House |
| 10:36 | Create | Villager (Male) |
| 10:37 | Create | Villager (Male) |
| 10:40 | Build | Farm |
| 10:54 | Create | Villager (Male) |
| 11:31 | Build | House |
| 11:50 | Build | Palisade Wall |
| 11:51 | Build | Palisade Wall |
| 12:02 | Build | Watch Tower |
| 12:08 | Build | Farm |
| 12:09 | Build | Farm |
| 12:33 | Create | Villager (Male) |
| 12:33 | Create | Villager (Male) |
| 12:35 | Build | House |
| 12:47 | Build | House |
| 13:04 | Build | Mining Camp |
| 13:21 | Create | Villager (Male) |
| 13:21 | Create | Villager (Male) |
| 13:53 | Create | Villager (Male) |
| 13:53 | Create | Villager (Male) |
| 13:53 | Create | Villager (Male) |
| 14:22 | Create | Villager (Male) |
| 14:22 | Create | Villager (Male) |
| 14:23 | Create | Villager (Male) |
| 14:33 | Build | Farm |
| 14:34 | Build | Farm |
| 14:43 | Create | Villager (Male) |
| 14:43 | Create | Villager (Male) |
| 15:16 | Build | Farm |
| 15:50 | Build | Farm |
| 15:51 | Create | Villager (Male) |
| 15:51 | Create | Villager (Male) |
| 15:51 | Create | Villager (Male) |
| 15:58 | Create | Villager (Male) |
| 15:58 | Create | Villager (Male) |
| 16:08 | Build | Watch Tower |
| 16:11 | Create | Villager (Male) |
| 16:11 | Create | Villager (Male) |
| 16:12 | Create | Villager (Male) |
| 16:35 | Create | Villager (Male) |
| 16:35 | Create | Villager (Male) |
| 16:35 | Create | Villager (Male) |
| 16:53 | Create | Villager (Male) |
| 16:53 | Create | Villager (Male) |
| 16:53 | Create | Villager (Male) |
| 17:06 | Build | Watch Tower |
| 17:11 | Build | Farm |
| 17:18 | Create | Villager (Male) |
| 17:28 | Research | Double-Bit Axe |
| 17:28 | Research | Double-Bit Axe |
| 17:28 | Research | Double-Bit Axe |
| 17:50 | Create | Villager (Male) |
| 17:51 | Create | Villager (Male) |
| 17:51 | Create | Villager (Male) |
| 18:17 | Create | Villager (Male) |
| 18:17 | Create | Villager (Male) |
| 18:17 | Create | Villager (Male) |
| 18:18 | Create | Villager (Male) |
| 18:30 | Create | Villager (Male) |
| 18:30 | Create | Villager (Male) |
| 18:30 | Create | Villager (Male) |
| 18:49 | Create | Villager (Male) |
| 18:56 | Build | Farm |
| 19:02 | Create | Villager (Male) |
| 19:16 | Build | Watch Tower |
| 19:27 | Build | Archery Range |
| 20:14 | Create | Villager (Male) |
| 20:19 | Create | Archer ×5 |
| 20:28 | Build | Blacksmith |
| 20:30 | Create | Villager (Male) |
| 20:41 | Build | Watch Tower |
| 20:46 | Create | Villager (Male) |
| 20:52 | Research | Fletching |
| 20:53 | Research | Fletching |
| 21:01 | Create | Villager (Male) |
| 21:01 | Create | Villager (Male) |
| 21:04 | Build | House |
| 21:32 | Create | Villager (Male) |
| 21:47 | Create | Archer |
| 21:47 | Create | Archer |
| 21:47 | Create | Archer |
| 21:47 | Create | Archer |
| 21:48 | Create | Archer |
| 21:50 | Create | Villager (Male) |
| 22:09 | Create | Villager (Male) |
| 22:26 | Create | Villager (Male) |
| 22:33 | Build | House |
| 22:34 | Build | House |
| 22:48 | Create | Villager (Male) |
Build order — Ông Chú Thư Giãn
First 150 of 313 actions detected
| 0:00 | Create | Villager (Male) |
| 0:01 | Create | Villager (Male) |
| 0:02 | Build | House |
| 0:02 | Build | House |
| 0:07 | Create | Villager (Male) |
| 0:08 | Create | Villager (Male) |
| 0:08 | Create | Villager (Male) |
| 1:26 | Create | Villager (Male) |
| 1:27 | Create | Villager (Male) |
| 1:54 | Build | Lumber Camp |
| 1:59 | Create | Villager (Male) |
| 2:14 | Create | Villager (Male) |
| 2:34 | Build | House |
| 2:45 | Create | Villager (Male) |
| 2:59 | Create | Villager (Male) |
| 3:35 | Create | Villager (Male) |
| 3:35 | Create | Villager (Male) |
| 4:06 | Create | Villager (Male) |
| 4:33 | Create | Villager (Male) |
| 4:42 | Create | Villager (Male) |
| 4:55 | Create | Villager (Male) |
| 5:06 | Create | Villager (Male) |
| 5:15 | Build | Mill |
| 6:00 | Research | Loom |
| 6:35 | Build | Lumber Camp |
| 6:43 | Research | Feudal Age |
| 6:43 | Research | Feudal Age |
| 7:29 | Build | Barracks |
| 8:00 | Build | House |
| 8:20 | Build | House |
| 8:24 | Build | Palisade Wall |
| 8:28 | Build | Palisade Wall |
| 8:53 | Age | Feudal Age |
| 8:54 | Create | Spearman |
| 8:55 | Build | Archery Range |
| 8:55 | Create | Villager (Male) |
| 8:56 | Research | Double-Bit Axe |
| 8:58 | Create | Villager (Male) |
| 9:17 | Create | Villager (Male) |
| 9:26 | Create | Skirmisher |
| 9:32 | Create | Villager (Male) |
| 9:37 | Build | Watch Tower |
| 9:41 | Create | Skirmisher |
| 9:49 | Build | House |
| 9:56 | Build | Palisade Wall |
| 9:56 | Build | Palisade Wall |
| 9:58 | Create | Villager (Male) |
| 10:01 | Build | Palisade Wall |
| 10:09 | Build | Palisade Wall |
| 10:16 | Create | Villager (Male) |
| 10:28 | Build | House |
| 10:38 | Create | Villager (Male) |
| 10:39 | Create | Skirmisher |
| 10:40 | Create | Skirmisher |
| 10:56 | Create | Skirmisher |
| 10:57 | Create | Villager (Male) |
| 11:26 | Create | Villager (Male) |
| 11:27 | Create | Archer |
| 11:27 | Create | Skirmisher |
| 11:30 | Create | Villager (Male) |
| 12:04 | Create | Villager (Male) |
| 12:06 | Build | Lumber Camp |
| 12:20 | Build | House |
| 12:23 | Create | Villager (Male) |
| 12:43 | Create | Villager (Male) |
| 12:45 | Build | Mining Camp |
| 13:02 | Create | Villager (Male) |
| 13:18 | Build | House |
| 13:19 | Create | Skirmisher |
| 13:19 | Create | Skirmisher |
| 13:48 | Build | Mining Camp |
| 14:05 | Create | Villager (Male) |
| 14:06 | Create | Archer |
| 14:06 | Create | Skirmisher |
| 14:27 | Create | Skirmisher |
| 14:27 | Create | Archer |
| 14:56 | Create | Archer |
| 14:56 | Create | Archer |
| 15:00 | Create | Villager (Male) |
| 15:19 | Build | Archery Range |
| 15:23 | Create | Villager (Male) |
| 15:24 | Create | Villager (Male) |
| 15:42 | Create | Archer |
| 15:48 | Create | Archer |
| 16:08 | Build | Watch Tower |
| 16:10 | Create | Archer |
| 16:16 | Create | Archer |
| 16:17 | Create | Villager (Male) |
| 16:53 | Create | Archer |
| 16:53 | Create | Archer |
| 17:00 | Create | Archer |
| 17:25 | Create | Villager (Male) |
| 17:27 | Build | Farm |
| 17:28 | Build | Farm |
| 17:46 | Build | Farm |
| 17:48 | Create | Archer |
| 17:59 | Build | House |
| 18:13 | Build | Farm |
| 18:27 | Build | House |
| 18:36 | Create | Villager (Male) |
| 18:36 | Create | Villager (Male) |
| 18:38 | Create | Archer |
| 18:38 | Create | Archer |
| 18:51 | Build | Watch Tower |
| 19:03 | Build | Farm |
| 19:22 | Create | Archer |
| 19:23 | Create | Archer |
| 19:24 | Create | Villager (Male) |
| 19:38 | Create | Archer |
| 19:38 | Create | Archer |
| 20:01 | Create | Villager (Male) |
| 20:02 | Build | Farm |
| 20:10 | Build | House |
| 20:11 | Build | House |
| 20:14 | Create | Archer |
| 20:53 | Create | Villager (Male) |
| 20:53 | Create | Villager (Male) |
| 20:55 | Build | Farm |
| 20:56 | Create | Archer |
| 20:56 | Create | Archer |
| 20:56 | Create | Archer |
| 21:18 | Build | Watch Tower |
| 21:23 | Create | Villager (Male) |
| 21:25 | Build | Farm |
| 21:39 | Build | House |
| 21:43 | Create | Villager (Male) |
| 21:46 | Build | Farm |
| 22:05 | Create | Archer |
| 22:05 | Create | Archer |
| 22:14 | Build | House |
| 22:15 | Build | Palisade Wall |
| 22:19 | Create | Villager (Male) |
| 22:37 | Build | Watch Tower |
| 22:51 | Create | Villager (Male) |
| 23:10 | Build | Blacksmith |
| 23:16 | Create | Villager (Male) |
| 23:34 | Build | Watch Tower |
| 23:42 | Create | Villager (Male) |
| 23:44 | Build | Lumber Camp |
| 23:46 | Research | Fletching |
| 23:46 | Create | Archer |
| 24:07 | Build | Lumber Camp |
| 24:15 | Create | Villager (Male) |
| 24:18 | Build | House |
| 24:21 | Build | Farm |
| 24:43 | Build | Watch Tower |
| 24:48 | Create | Archer |
| 24:48 | Create | Archer |
| 24:55 | Create | Villager (Male) |
| 24:56 | Create | Archer |
Match timeline
| 5:07 | 酒后帝国 · first_building Barracks |
| 7:29 | Ông Chú Thư Giãn · first_building Barracks |
| 8:24 | Ông Chú Thư Giãn · wall_segment Palisade Wall x1 |
| 8:28 | Ông Chú Thư Giãn · wall_segment Palisade Wall x4 |
| 8:44 | 酒后帝国 · wall_segment Palisade Wall x1 |
| 8:51 | 酒后帝国 · age_up feudal |
| 8:53 | Ông Chú Thư Giãn · age_up feudal |
| 8:55 | Ông Chú Thư Giãn · first_building Archery Range |
| 8:57 | 酒后帝国 · wall_segment Palisade Wall x1 |
| 9:56 | Ông Chú Thư Giãn · wall_segment Palisade Wall x1 |
| 9:56 | Ông Chú Thư Giãn · wall_segment Palisade Wall x1 |
| 10:01 | Ông Chú Thư Giãn · wall_segment Palisade Wall x3 |
| 10:09 | Ông Chú Thư Giãn · wall_segment Palisade Wall x1 |
| 11:50 | 酒后帝国 · wall_segment Palisade Wall x2 |
| 11:51 | 酒后帝国 · wall_segment Palisade Wall x2 |
| 19:27 | 酒后帝国 · first_building Archery Range |
| 22:15 | Ông Chú Thư Giãn · wall_segment Palisade Wall x1 |
| 29:44 | 酒后帝国 · first_market_buy 100 wood |
| 30:15 | Ông Chú Thư Giãn · first_building Stable |
| 30:36 | 酒后帝国 · first_building Stable |
| 30:56 | 酒后帝国 · age_up castle |
| 31:38 | 酒后帝国 · first_building Siege Workshop |
| 32:17 | Ông Chú Thư Giãn · age_up castle |
| 33:55 | Ông Chú Thư Giãn · first_building Siege Workshop |
| 35:34 | 酒后帝国 · first_building Monastery |
| 37:44 | 酒后帝国 · wall_segment Palisade Wall x1 |
| 41:40 | 酒后帝国 · resign |
[ AI ANALYSIS · 1 CREDIT ]
What really happened in this match?
Wolo.gg analyzes every decision: build order, eco, micro, common mistakes by bracket. Personalized analysis on WhatsApp or Discord in 30 seconds.
Civ guide
Japanese
Perfil
新竹